Map: Solaris LE

Players

Geredian - Winner!

  • Race: Protoss Protoss
  • Spawn Location: 1:00

VOD

Have the link to the VOD?

Description

Time

  • Played on: Dec. 20, 2023, 4:16 p.m.
  • Length: 18:34
Show
View Real Time Build Order
Export as new Build Order

Geredian Protoss - Winner!

Build Orders:  

Get SALT Encoding   

  12  0:07  Probe (Chrono Boost)  
  13  0:25  Probe (Chrono Boost)  
  14  0:39  Pylon  
  14  1:06  Gateway  
  14  1:16  Probe (Chrono Boost)  
  15  1:33  Probe (Chrono Boost)  
  16  1:42  Assimilator  
  17  1:50  Probe (Chrono Boost)  
  17  2:07  Probe (Chrono Boost)  
  18  2:16  Zealot  
  20  2:24  Probe (Chrono Boost)  
  22  2:41  Probe (Chrono Boost)  
  22  2:51  Nexus  
  22  3:14  Assimilator  
  21  3:36  Pylon  
  21  4:14  Cybernetics Core  
  21  4:18  Gateway  
  21  4:33  Probe (Chrono Boost)  
  23  4:50  Probe (Chrono Boost)  
  23  4:57  Probe (Chrono Boost)  
  24  5:05  Probe (Chrono Boost)  
  25  5:11  Stalker (Chrono Boost)  
  25  5:12  Probe (Chrono Boost)  
  26  5:21  Probe  
  26  5:29  Probe  
  32  5:34  Stalker (Chrono Boost)  
  32  5:46  Probe  
  32  5:47  Probe  
  36  5:52  Stalker (Chrono Boost)  
  36  6:03  Probe  
  36  6:04  Probe  
  36  6:05  Warp Gate (Chrono Boost)  
  38  6:19  Probe  
  38  6:21  Probe  
  38  6:26  Assimilator  
  40  6:30  Stalker  
  40  6:36  Probe  
  40  6:37  Probe  
  44  6:42  Pylon  
  44  6:50  Pylon  
  44  6:53  Probe  
  44  6:54  Probe  
  46  7:15  Stalker  
  48  7:30  Probe  
  48  7:31  Probe  
  50  7:46  Assimilator  
  50  7:47  Probe  
  51  7:59  Shield Battery  
  51  8:02  Robotics Facility  
  51  8:29  Probe x2  
  53  8:33  Pylon  
  53  8:46  Probe  
  53  8:48  Gateway  
  54  8:50  Gateway  
  54  8:53  Gateway  
  54  8:57  Gateway  
  54  9:00  Gateway  
  54  9:03  Gateway  
  54  9:05  Gateway  
  54  9:11  Gateway  
  54  9:34  Nexus  
  54  9:37  Pylon  
  54  9:55  Pylon  
  54  9:56  Pylon  
  54  9:58  Pylon  
  54  9:59  Pylon  
  54  10:00  Pylon  
  54  10:01  Pylon  
  54  10:20  Twilight Council  
  54  10:23  Forge  
  54  10:36  Robotics Bay  
  54  10:37  Immortal  
  58  11:22  Sentry  
  58  11:25  Stalker x2  
  58  11:26  Stalker  
  58  11:27  Stalker  
  68  11:30  Stalker  
  68  11:31  Stalker x2  
  68  11:32  Warp Prism, Stalker  
  78  11:47  Probe  
  79  11:50  Probe x2  
  81  12:04  Probe  
  81  12:07  Probe x2  
  84  12:21  Probe  
  84  12:24  Probe x2  
  87  12:37  Probe  
  88  12:41  Probe x2  
  88  12:47  Assimilator  
  90  12:51  Colossus  
  90  12:54  Probe  
  90  12:58  Probe x2  
  99  13:11  Probe  
  100  13:28  Probe  
  101  13:39  Stargate  
  101  13:42  Templar Archives  
  101  13:45  Probe  
  101  13:46  Dark Shrine  
  102  14:06  Gateway, Colossus  
  102  14:08  Gateway  
  108  14:10  Gateway  
  108  14:12  Gateway  
  108  14:19  Pylon x2  
  108  14:22  Pylon  
  108  14:38  Probe x2  
  111  14:47  Assimilator  
  111  14:49  High Templar x2  
  115  14:50  High Templar x2  
  115  14:51  High Templar  
  115  14:55  Probe x2  
  123  15:01  Probe  
  123  15:11  Disruptor  
  123  15:12  Probe x2  
  123  15:18  Probe  
  126  15:28  Probe  
  126  15:29  Probe  
  132  15:35  Probe  
  132  15:39  Fleet Beacon  
  133  15:45  Probe  
  134  15:52  Probe  
  134  15:56  Dark Templar x3  
  134  15:57  Dark Templar  
  134  15:58  Dark Templar x3  
  149  16:01  Disruptor  
  149  16:07  High Templar  
  149  16:09  Probe  
  152  16:19  Probe x2  
  158  16:36  Probe x2  
  160  16:53  Probe x2  
  104  17:10  Probe x2  
  164  17:26  Probe  
Tags
 
Matchup
Co-op
Add a new tag
Caveats
  • Supply blocks, unpowered buildings, or Contaminate may cause inaccurate times.
  • Supply counts are checked every 10 seconds.